[ AOE2 MATCH · #485397103 ]
Team RMMongols vs Spanish
[ REPLAY ANALYSIS · EXTRACTED FROM THE RECORDED GAME ]
Feudal
16:30
Castle
21:44
Imperial
—
| APM avg | 18.6 |
| APM peak | 45 |
| eAPM avg | 9.4 |
| Villagers / military | 62 / 19 |
Focus
⚔️ 9.4% · 🌾 90.6%
Steppe Lancer ×19
Feudal
15:09
Castle
20:45
Imperial
—
| APM avg | 18.5 |
| APM peak | 53 |
| eAPM avg | 10.5 |
| Villagers / military | 62 / 17 |
Focus
⚔️ 27.0% · 🌾 73.0%
Monk ×5 · Conquistador ×4 · Spearman ×3 · Knight ×2 · Mangonel ×1 · Missionary ×1
Feudal
14:45
Castle
26:52
Imperial
—
| APM avg | 16.8 |
| APM peak | 38 |
| eAPM avg | 7.6 |
| Villagers / military | 42 / 17 |
Focus
⚔️ 18.5% · 🌾 81.5%
Shotel Warrior ×9 · Militia ×6 · Spearman ×2
Feudal
14:14
Castle
25:27
Imperial
—
| APM avg | 11.2 |
| APM peak | 36 |
| eAPM avg | 6.5 |
| Villagers / military | 46 / 19 |
Focus
⚔️ 23.0% · 🌾 77.0%
Eagle Scout ×14 · Skirmisher ×5
Match map
Initial resources + every placement click. Lines = walls · curves = elevation contours. ◆ gold · ⬟ stone · ● berries · ✦ relic · ◌ wall gap
Your base· Open — unwalled flank
Alberto79's base· Open — 11t gap
sese's base· Open — unwalled flank
nigo_bur's base· Open — unwalled flank
Smoothed initial terrain · ◌ = detected wall gap · hover for details
Inputs per minute
— KSK1912 - - Alberto79
Build order — KSK1912
130 actions detected in the replay
| 1:45 | Build | Town Center |
| 2:43 | Build | House |
| 2:59 | Build | House |
| 4:02 | Create | Villager (Male) |
| 4:02 | Create | Villager (Male) |
| 4:02 | Create | Villager (Male) |
| 4:03 | Create | Villager (Male) |
| 5:06 | Build | Mill |
| 5:18 | Create | Villager (Male) |
| 5:31 | Create | Villager (Male) |
| 6:29 | Create | Villager (Male) |
| 6:51 | Create | Villager (Male) |
| 6:52 | Create | Villager (Male) |
| 7:34 | Create | Villager (Male) |
| 7:38 | Build | House |
| 7:40 | Build | House |
| 8:05 | Create | Villager (Male) |
| 8:40 | Create | Villager (Male) |
| 8:45 | Build | House |
| 9:10 | Create | Villager (Male) |
| 9:10 | Create | Villager (Male) |
| 9:28 | Create | Villager (Male) |
| 10:17 | Create | Villager (Male) |
| 10:28 | Build | Farm |
| 10:50 | Create | Villager (Male) |
| 11:05 | Create | Villager (Male) |
| 11:09 | Build | Farm |
| 11:29 | Create | Villager (Male) |
| 11:56 | Create | Villager (Male) |
| 12:17 | Build | Lumber Camp |
| 12:21 | Create | Villager (Male) |
| 12:52 | Create | Villager (Male) |
| 13:16 | Build | Mining Camp |
| 13:23 | Create | Villager (Male) |
| 13:28 | Create | Villager (Male) |
| 13:35 | Build | House |
| 13:37 | Build | House |
| 14:20 | Research | Feudal Age |
| 14:29 | Build | Mining Camp |
| 15:01 | Build | Barracks |
| 15:18 | Research | Loom |
| 16:05 | Build | Mill |
| 16:30 | Age | Feudal Age |
| 16:35 | Build | Market |
| 16:40 | Create | Villager (Male) |
| 16:40 | Create | Villager (Male) |
| 17:06 | Build | Stable |
| 17:33 | Create | Villager (Male) |
| 17:40 | Build | Farm |
| 17:44 | Build | Farm |
| 18:11 | Build | Farm |
| 18:12 | Create | Villager (Male) |
| 18:23 | Build | Farm |
| 18:29 | Build | Farm |
| 18:39 | Create | Villager (Male) |
| 18:49 | Build | House |
| 18:50 | Build | House |
| 18:53 | Build | House |
| 18:56 | Build | House |
| 19:00 | Research | Castle Age |
| 19:15 | Build | Farm |
| 19:29 | Research | Double-Bit Axe |
| 20:19 | Build | Stable |
| 20:34 | Create | Villager (Male) |
| 20:34 | Create | Villager (Male) |
| 20:40 | Research | Bloodlines |
| 21:44 | Age | Castle Age |
| 21:47 | Build | Town Center |
| 21:54 | Create | Steppe Lancer |
| 21:58 | Create | Villager (Male) |
| 21:58 | Create | Villager (Male) |
| 21:59 | Create | Villager (Male) |
| 21:59 | Create | Villager (Male) |
| 22:12 | Research | Husbandry |
| 22:13 | Create | Steppe Lancer ×2 |
| 22:13 | Create | Steppe Lancer ×2 |
| 22:39 | Build | Blacksmith |
| 23:08 | Create | Steppe Lancer |
| 23:08 | Create | Steppe Lancer |
| 23:13 | Create | Villager (Male) |
| 23:18 | Create | Villager (Male) |
| 23:18 | Create | Villager (Male) |
| 23:21 | Build | Farm |
| 23:22 | Build | Farm |
| 23:24 | Build | Farm |
| 23:27 | Build | Farm |
| 23:28 | Create | Villager (Male) |
| 23:28 | Create | Villager (Male) |
| 24:30 | Build | Mill |
| 24:35 | Create | Villager (Male) |
| 24:35 | Create | Villager (Male) |
| 24:38 | Create | Villager (Male) |
| 24:39 | Create | Villager (Male) |
| 24:42 | Create | Villager (Male) |
| 24:46 | Build | Farm |
| 24:47 | Build | Farm |
| 24:48 | Build | Farm |
| 25:11 | Create | Steppe Lancer ×2 |
| 25:11 | Create | Steppe Lancer ×2 |
| 25:31 | Create | Villager (Male) |
| 25:32 | Create | Villager (Male) |
| 25:36 | Create | Villager (Male) |
| 25:40 | Build | Farm |
| 25:46 | Build | Farm |
| 25:49 | Research | Horse Collar |
| 26:02 | Build | Farm |
| 26:14 | Create | Villager (Male) |
| 26:15 | Create | Villager (Male) |
| 26:19 | Create | Villager (Male) |
| 26:20 | Create | Villager (Male) |
| 26:37 | Create | Steppe Lancer ×2 |
| 26:51 | Build | House |
| 26:52 | Build | House |
| 26:52 | Build | House |
| 27:11 | Create | Steppe Lancer ×4 |
| 27:18 | Build | House |
| 27:19 | Build | House |
| 27:20 | Build | House |
| 27:43 | Create | Steppe Lancer ×2 |
| 27:46 | Create | Villager (Male) |
| 27:47 | Create | Villager (Male) |
| 30:30 | Create | Villager (Male) |
| 30:30 | Create | Villager (Male) |
| 30:31 | Create | Villager (Male) |
| 30:31 | Create | Villager (Male) |
| 30:31 | Create | Villager (Male) |
| 30:36 | Create | Villager (Male) |
| 30:36 | Create | Villager (Male) |
| 30:36 | Create | Villager (Male) |
| 31:05 | Build | Castle |
Build order — Alberto79
135 actions detected in the replay
| 0:08 | Build | House |
| 0:23 | Build | Town Center |
| 2:37 | Create | Villager (Male) |
| 2:37 | Create | Villager (Male) |
| 2:37 | Create | Villager (Male) |
| 2:38 | Create | Villager (Male) |
| 2:38 | Create | Villager (Male) |
| 3:30 | Create | Villager (Male) |
| 3:51 | Create | Villager (Male) |
| 4:29 | Create | Villager (Male) |
| 4:29 | Create | Villager (Male) |
| 4:36 | Build | House |
| 4:39 | Create | Villager (Male) |
| 5:03 | Create | Villager (Male) |
| 5:28 | Build | Lumber Camp |
| 5:33 | Create | Villager (Male) |
| 6:37 | Create | Villager (Male) |
| 6:57 | Build | House |
| 7:09 | Create | Villager (Male) |
| 7:33 | Build | Mill |
| 7:44 | Create | Villager (Male) |
| 7:45 | Create | Villager (Male) |
| 8:05 | Create | Villager (Male) |
| 8:20 | Build | House |
| 8:49 | Build | Mill |
| 8:55 | Create | Villager (Male) |
| 9:33 | Create | Villager (Male) |
| 9:35 | Create | Villager (Male) |
| 10:13 | Build | House |
| 10:29 | Create | Villager (Male) |
| 10:37 | Build | Barracks |
| 10:44 | Create | Villager (Male) |
| 11:07 | Create | Villager (Male) |
| 11:09 | Create | Villager (Male) |
| 11:33 | Create | Villager (Male) |
| 11:48 | Build | Mill |
| 12:13 | Build | House |
| 12:15 | Build | House |
| 12:34 | Create | Villager (Male) |
| 12:46 | Research | Feudal Age |
| 13:12 | Create | Villager (Male) |
| 13:25 | Build | House |
| 13:27 | Build | House |
| 13:51 | Create | Villager (Male) |
| 13:59 | Build | House |
| 14:38 | Build | House |
| 14:43 | Build | Palisade Gate |
| 15:09 | Age | Feudal Age |
| 15:17 | Build | Stable |
| 15:25 | Create | Spearman |
| 15:34 | Create | Villager (Male) |
| 15:38 | Research | Loom |
| 15:50 | Build | Blacksmith |
| 16:07 | Build | Mining Camp |
| 16:15 | Create | Villager (Male) |
| 16:30 | Build | Market |
| 16:43 | Create | Scout Cavalry |
| 16:47 | Build | Palisade Wall |
| 17:57 | Build | House |
| 18:05 | Research | Castle Age |
| 18:09 | Create | Villager (Male) |
| 18:18 | Build | Archery Range |
| 18:37 | Create | Villager (Male) |
| 18:48 | Build | Mining Camp |
| 18:49 | Create | Villager (Male) |
| 18:57 | Research | Forging |
| 19:01 | Research | Scale Barding Armor |
| 19:03 | Research | Bloodlines |
| 19:16 | Create | Villager (Male) |
| 19:57 | Research | Town Watch |
| 20:38 | Create | Villager (Male) |
| 20:45 | Age | Castle Age |
| 21:17 | Create | Villager (Male) |
| 21:17 | Create | Villager (Male) |
| 21:29 | Build | Castle |
| 21:39 | Create | Villager (Male) |
| 21:39 | Create | Villager (Male) |
| 21:39 | Create | Villager (Male) |
| 21:45 | Research | Wheelbarrow |
| 21:54 | Create | Villager (Male) |
| 21:55 | Create | Villager (Male) |
| 21:55 | Create | Villager (Male) |
| 21:55 | Create | Villager (Male) |
| 21:59 | Create | Villager (Male) |
| 22:00 | Create | Villager (Male) |
| 22:22 | Build | Castle |
| 22:30 | Create | Villager (Male) |
| 22:35 | Create | Knight |
| 22:35 | Create | Knight |
| 22:45 | Research | Fletching |
| 23:02 | Build | Mining Camp |
| 23:14 | Create | Villager (Male) |
| 23:15 | Create | Villager (Male) |
| 23:15 | Create | Villager (Male) |
| 24:15 | Create | Villager (Male) |
| 24:15 | Create | Villager (Male) |
| 24:23 | Research | Double-Bit Axe |
| 24:40 | Create | Villager (Male) |
| 25:26 | Research | Bodkin Arrow |
| 25:39 | Build | Town Center |
| 25:49 | Build | Monastery |
| 25:53 | Build | House |
| 26:10 | Create | Villager (Male) |
| 26:32 | Build | Siege Workshop |
| 27:19 | Create | Villager (Male) |
| 27:21 | Create | Villager (Male) |
| 27:21 | Create | Villager (Male) |
| 27:27 | Create | Mangonel |
| 27:30 | Create | Villager (Male) |
| 27:31 | Create | Villager (Male) |
| 27:35 | Build | Farm |
| 27:36 | Build | Farm |
| 27:40 | Create | Villager (Male) |
| 27:45 | Build | House |
| 27:46 | Create | Monk |
| 27:49 | Create | Missionary |
| 27:50 | Create | Monk |
| 27:51 | Create | Monk |
| 27:55 | Create | Monk |
| 27:55 | Create | Monk |
| 27:58 | Create | Villager (Male) |
| 28:04 | Create | Conquistador |
| 28:04 | Create | Conquistador |
| 28:37 | Research | Inquisition |
| 28:38 | Create | Conquistador |
| 28:38 | Create | Conquistador |
| 29:11 | Build | Town Center |
| 29:21 | Build | Palisade Wall |
| 29:26 | Build | House |
| 29:29 | Build | House |
| 29:59 | Build | Palisade Wall |
| 30:31 | Create | Spearman |
| 30:31 | Create | Spearman |
| 30:35 | Research | Town Watch |
| 30:37 | Create | Villager (Male) |
Build order — sese
106 actions detected in the replay
| 0:50 | Build | Town Center |
| 1:50 | Build | House |
| 1:58 | Build | House |
| 2:35 | Create | Villager (Male) |
| 2:35 | Create | Villager (Male) |
| 2:35 | Create | Villager (Male) |
| 2:36 | Create | Villager (Male) |
| 4:26 | Create | Villager (Male) |
| 5:06 | Create | Villager (Male) |
| 5:07 | Create | Villager (Male) |
| 5:40 | Create | Villager (Male) |
| 5:53 | Create | Villager (Male) |
| 6:22 | Build | Lumber Camp |
| 6:56 | Create | Villager (Male) |
| 6:56 | Create | Villager (Male) |
| 6:56 | Create | Villager (Male) |
| 7:37 | Build | House |
| 7:39 | Build | House |
| 8:25 | Create | Villager (Male) |
| 8:26 | Create | Villager (Male) |
| 8:26 | Create | Villager (Male) |
| 8:27 | Create | Villager (Male) |
| 9:09 | Create | Villager (Male) |
| 9:09 | Create | Villager (Male) |
| 9:10 | Create | Villager (Male) |
| 9:38 | Create | Villager (Male) |
| 10:17 | Create | Villager (Male) |
| 11:23 | Build | Mill |
| 11:26 | Build | House |
| 11:30 | Create | Villager (Male) |
| 12:06 | Build | Mining Camp |
| 12:15 | Research | Feudal Age |
| 12:43 | Build | Barracks |
| 13:21 | Build | Mining Camp |
| 13:46 | Build | Palisade Wall |
| 14:45 | Age | Feudal Age |
| 15:03 | Create | Spearman |
| 15:05 | Research | Man-at-Arms (upgrade) |
| 15:05 | Create | Militia |
| 15:06 | Create | Militia |
| 15:07 | Create | Militia |
| 15:07 | Create | Militia |
| 15:17 | Research | Double-Bit Axe |
| 15:23 | Research | Stone Mining |
| 15:27 | Research | Gold Mining |
| 15:52 | Create | Villager (Male) |
| 15:52 | Create | Villager (Male) |
| 15:53 | Create | Villager (Male) |
| 15:53 | Create | Villager (Male) |
| 16:14 | Build | Farm |
| 16:14 | Build | Farm |
| 16:14 | Build | Farm |
| 16:15 | Build | Farm |
| 16:25 | Build | Lumber Camp |
| 16:52 | Build | House |
| 16:57 | Build | House |
| 17:50 | Research | Wheelbarrow |
| 17:53 | Research | Gold Mining |
| 18:28 | Create | Militia |
| 18:28 | Create | Militia |
| 19:11 | Create | Villager (Male) |
| 19:12 | Create | Villager (Male) |
| 19:12 | Create | Villager (Male) |
| 19:45 | Build | House |
| 20:08 | Build | Archery Range |
| 20:12 | Build | Blacksmith |
| 20:52 | Build | Palisade Wall |
| 21:07 | Create | Spearman |
| 21:15 | Build | Lumber Camp |
| 21:28 | Create | Villager (Male) |
| 21:32 | Create | Villager (Male) |
| 22:17 | Build | House |
| 23:55 | Build | Mill |
| 24:12 | Research | Castle Age |
| 25:04 | Build | Farm |
| 26:52 | Age | Castle Age |
| 27:10 | Build | Town Center |
| 27:50 | Build | Town Center |
| 28:02 | Build | Castle |
| 28:31 | Build | Mining Camp |
| 28:38 | Create | Villager (Male) |
| 28:38 | Create | Villager (Male) |
| 28:38 | Create | Villager (Male) |
| 28:39 | Create | Villager (Male) |
| 28:39 | Create | Villager (Male) |
| 28:39 | Create | Villager (Male) |
| 28:40 | Create | Villager (Male) |
| 28:40 | Create | Villager (Male) |
| 28:40 | Create | Villager (Male) |
| 28:41 | Create | Villager (Male) |
| 28:41 | Create | Villager (Male) |
| 29:04 | Build | Farm |
| 29:04 | Build | Farm |
| 29:04 | Build | Farm |
| 29:05 | Build | Farm |
| 29:05 | Build | Farm |
| 29:55 | Build | Mining Camp |
| 29:58 | Create | Shotel Warrior |
| 29:58 | Create | Shotel Warrior |
| 29:58 | Create | Shotel Warrior |
| 29:59 | Create | Shotel Warrior |
| 29:59 | Create | Shotel Warrior |
| 29:59 | Create | Shotel Warrior |
| 30:00 | Create | Shotel Warrior |
| 30:00 | Create | Shotel Warrior |
| 30:00 | Create | Shotel Warrior |
Build order — nigo_bur
91 actions detected in the replay
| 0:14 | Build | Town Center |
| 0:27 | Build | House |
| 0:29 | Build | House |
| 2:33 | Create | Villager (Male) |
| 2:34 | Create | Villager (Male) |
| 2:34 | Create | Villager (Male) |
| 2:34 | Create | Villager (Male) |
| 4:20 | Build | Lumber Camp |
| 4:23 | Create | Villager (Male) |
| 4:24 | Create | Villager (Male) |
| 4:24 | Create | Villager (Male) |
| 5:18 | Create | Villager (Male) |
| 5:19 | Create | Villager (Male) |
| 5:47 | Research | Loom |
| 6:16 | Build | Mill |
| 6:22 | Create | Villager (Male) |
| 6:22 | Create | Villager (Male) |
| 6:22 | Create | Villager (Male) |
| 6:38 | Create | Villager (Male) |
| 6:58 | Build | House |
| 7:02 | Build | House |
| 8:17 | Create | Villager (Male) |
| 8:19 | Create | Villager (Male) |
| 8:20 | Create | Villager (Male) |
| 8:21 | Create | Villager (Male) |
| 8:24 | Create | Villager (Male) |
| 9:52 | Build | Barracks |
| 10:54 | Build | Mill |
| 11:15 | Create | Villager (Male) |
| 12:04 | Research | Feudal Age |
| 12:18 | Build | House |
| 12:20 | Build | House |
| 12:38 | Create | Villager (Male) |
| 12:38 | Create | Villager (Male) |
| 12:39 | Create | Villager (Male) |
| 14:14 | Age | Feudal Age |
| 14:19 | Research | Double-Bit Axe |
| 14:26 | Create | Eagle Scout |
| 14:32 | Create | Eagle Scout |
| 15:06 | Build | Archery Range |
| 15:47 | Research | Town Watch |
| 15:49 | Create | Villager (Male) |
| 15:49 | Create | Villager (Male) |
| 15:50 | Create | Villager (Male) |
| 16:53 | Build | Blacksmith |
| 16:55 | Create | Skirmisher ×5 |
| 17:44 | Build | Farm |
| 17:47 | Create | Villager (Male) |
| 17:47 | Create | Villager (Male) |
| 17:48 | Create | Villager (Male) |
| 18:16 | Research | Wheelbarrow |
| 18:21 | Build | House |
| 18:23 | Build | House |
| 18:26 | Build | House |
| 18:43 | Research | Fletching |
| 18:45 | Research | Padded Archer Armor |
| 19:05 | Build | Farm |
| 19:09 | Build | Farm |
| 19:12 | Build | Farm |
| 19:18 | Research | Arson |
| 19:20 | Create | Eagle Scout ×5 |
| 19:41 | Build | House |
| 19:48 | Build | Mining Camp |
| 19:53 | Create | Villager (Male) |
| 19:54 | Create | Villager (Male) |
| 19:54 | Create | Villager (Male) |
| 19:57 | Create | Villager (Male) |
| 22:05 | Research | Forging |
| 22:06 | Research | Scale Mail Armor |
| 22:42 | Build | Mill |
| 22:47 | Research | Castle Age |
| 23:36 | Create | Villager (Male) ×4 |
| 23:45 | Create | Eagle Scout |
| 23:45 | Create | Eagle Scout |
| 25:27 | Age | Castle Age |
| 25:47 | Build | Town Center |
| 25:52 | Research | Bow Saw |
| 25:59 | Create | Villager (Male) ×5 |
| 26:49 | Research | Eagle Warrior (upgrade) |
| 26:51 | Research | Gambesons |
| 26:52 | Research | Squires |
| 27:05 | Build | Barracks |
| 27:15 | Create | Villager (Male) ×5 |
| 28:51 | Create | Eagle Scout ×5 |
| 29:04 | Build | Castle |
| 29:23 | Build | Town Center |
| 29:50 | Research | Hand Cart |
| 29:55 | Research | Iron Casting |
| 30:35 | Build | Mining Camp |
| 31:07 | Build | University |
| 31:23 | Research | Chain Mail Armor |
Match timeline
| 9:52 | nigo_bur · first_building Barracks |
| 10:37 | Alberto79 · first_building Barracks |
| 12:43 | sese · first_building Barracks |
| 13:46 | sese · wall_segment Palisade Wall x8 |
| 14:14 | nigo_bur · age_up feudal |
| 14:45 | sese · age_up feudal |
| 15:01 | KSK1912 · first_building Barracks |
| 15:06 | nigo_bur · first_building Archery Range |
| 15:09 | Alberto79 · age_up feudal |
| 15:17 | Alberto79 · first_building Stable |
| 16:30 | KSK1912 · age_up feudal |
| 16:47 | Alberto79 · wall_segment Palisade Wall x1 |
| 17:06 | KSK1912 · first_building Stable |
| 18:18 | Alberto79 · first_building Archery Range |
| 20:08 | sese · first_building Archery Range |
| 20:45 | Alberto79 · age_up castle |
| 20:52 | sese · wall_segment Palisade Wall x12 |
| 21:29 | Alberto79 · first_building Castle |
| 21:44 | KSK1912 · age_up castle |
| 25:27 | nigo_bur · age_up castle |
| 25:49 | Alberto79 · first_building Monastery |
| 26:32 | Alberto79 · first_building Siege Workshop |
| 26:52 | sese · age_up castle |
| 28:02 | sese · first_building Castle |
| 29:04 | nigo_bur · first_building Castle |
| 29:21 | Alberto79 · wall_segment Palisade Wall x1 |
| 29:59 | Alberto79 · wall_segment Palisade Wall x1 |
| 31:05 | KSK1912 · first_building Castle |
| 31:26 | KSK1912 · resign |
[ AI ANALYSIS · 1 CREDIT ]
What really happened in this match?
Wolo.gg analyzes every decision: build order, eco, micro, common mistakes by bracket. Personalized analysis on WhatsApp or Discord in 30 seconds.
Civ guide
Mongols
Map guide
African Clearing
Perfil
KSK1912